 Dungeon Crawl Stone Soup version 0.27-a0-1456-gf5a116941d (webtiles) character file.

Game seed: 5242762372702760022

2991 snetch the Thaumaturge (level 10, -3/64 HPs)
             Began as a Djinni Fire Elementalist on July 6, 2021.
             Was a Priest of Nemelex Xobeh.
             Slain by a gnoll (11 damage)
             ... on level 7 of the Dungeon.
             The game lasted 00:20:34 (7983 turns).

snetch the Thaumaturge (Djinni Fire Elementalist)   Turns: 7983, Time: 00:20:36

Health: -3/64      AC:  7    Str: 11    XL:     10   Next: 9%
Gold:   384        EV: 11    Int: 20    God:    Nemelex Xobeh [***...] SH:  0 Dex: 14

rFire    + + .     SeeInvis .   a - +10 dagger of Resourcefulness {pain, rCorr MP+9 Str-2 Stlth+}
rCold    x . .     Faith    .   j - +0 buckler
rNeg     . . .     Spirit   .   s - +0 ring mail
rPois    ∞         Reflect  .   i - +0 helmet
rElec    .         Harm     .   (no cloak)
rCorr    +         Rampage  .   (no gloves)
Will     +....                  (boots unavailable)
Stlth    ++........             (no amulet)
HPRegen  0.20/turn              w - ring of wizardry
MPRegen  0.00/turn              z - +6 ring of strength

@: confused, flying
A: sickness immunity, fire resistance 2, cold vulnerability 1, float, innate
caster, hp casting, extra vitality 1
a: Renounce Religion, Draw Escape, Draw Destruction, Draw Summoning, Triple Draw


You were on level 7 of the Dungeon.
You worshipped Nemelex Xobeh.
Nemelex Xobeh was most pleased with you.
You visited 1 branch of the dungeon, and saw 7 of its levels.

You collected 384 gold pieces.

Inventory:

Hand Weapons
 a - the +10 dagger of Resourcefulness (weapon) {pain, rCorr MP+9 Str-2 Stlth+}
   (You took it off an orc on level 4 of the Dungeon)

   In the hands of one skilled in necromantic magic, it inflicts extra damage on
   living creatures.
   Str:       It affects your strength (-2).
   MP:        It affects your magic capacity (+9).
   rCorr:     It protects you from acid and corrosion.
   Stlth:     It makes you more stealthy.
 p - a +0 flail
 r - a +0 falchion
 x - a +0 war axe
Missiles
 c - 52 sling bullets
 f - 316 stones
 h - 98 arrows
 u - 21 bolts
 H - 2 boomerangs
Armour
 i - a +0 helmet (worn)
 j - a +0 buckler (worn)
 q - a +0 chain mail
 s - a +0 ring mail (worn)
 D - a +0 scale mail
Jewellery
 w - a ring of wizardry (left hand)
 z - a +6 ring of strength (right hand)
 E - a ring of ice
 F - an amulet of magic regeneration
Wands
 y - a wand of flame (29)
 G - a wand of paralysis (6)
 J - a wand of iceblast (7)
Scrolls
 b - 7 scrolls of identify {unknown}
 l - 2 scrolls of fog {unknown}
 o - a scroll of magic mapping {unknown}
 t - 3 scrolls of vulnerability {unknown}
 v - a scroll of blinking {unknown}
 B - 2 scrolls of enchant armour {unknown}
Potions
 d - a potion of lignification {unknown}
 e - a potion of resistance {unknown}
 g - 4 potions of heal wounds {unknown}
 k - 2 potions of mutation {unknown}
 m - 3 potions of curing {unknown}
 n - a potion of ambrosia {unknown}
 A - a potion of brilliance {unknown}
 C - a potion of flight {unknown}
 I - a potion of haste {unknown}


   Skills:
 + Level 2.2 Fighting
 + Level 0.4 Short Blades
 + Level 4.8 Armour
 + Level 4.5 Dodging
 + Level 4.4 Stealth
 + Level 1.3 Shields
 + Level 8.3 Spellcasting


You couldn't memorise any spells.
You knew the following spells:

 Your Spells              Type           Power      Damage    Failure   Level
a - Foxfire               Conj/Fire      100%       2x1d9     1%          1
b - Conjure Flame         Conj/Fire      41%        6-21      1%          3
c - Inner Flame           Hex/Fire       41%        N/A       1%          3
d - Sticky Flame          Conj/Fire      41%        2d6       3%          4
e - Fireball              Conj/Fire      20%        3d10      10%         5
f - Summon Small Mammal   Summ           100%       N/A       1%          1
g - Slow                  Hex            41%        N/A       1%          2
h - Portal Projectile     Hex/Tloc       82%        N/A       1%          3
i - Stone Arrow           Conj/Erth      82%        3d12      1%          3
Your spell library was empty.

Dungeon Overview and Level Annotations

Branches:
Dungeon (7/15)             Temple (0/1) D:6

Altars:
Nemelex Xobeh
Uskayaw
Beogh

Shops:
D:4 *


Innate Abilities, Weirdness & Mutations

You are immune to sickness and miasma.
You are immune to poison.
Your flesh is very heat resistant. (rF++)
You are vulnerable to cold. (rC-)
You float through the air rather than walking.
You learn spells naturally, not from books.
Your magical power is your life essence.
You have superior vitality. (+4 HP)


Message History

The orc wizard casts a spell.
The orc wizard flickers and vanishes!
You closely miss the orc.
The gnoll barely misses your hell hound.
Something hits you but does no damage.
Your hell hound barely misses something.
The orc hits you with a +0 morningstar.
You hit the orc but do no damage.
Your hell hound closely misses something.
The gnoll misses your hell hound.
The ogre hits your hell hound with a +0 giant spiked club!!
Your hell hound dies!
Your hell hound's corpse disappears in a puff of smoke!
You hear some strange, mumbled words.
Something tries to affect you, but you resist.
The orc hits you with a +0 morningstar.
You draw a card...
You have drawn the Tomb.
Walls emerge from the floor!
Something hits you but does no damage. You block the orc's attack.
Something hits you but does no damage.
The gnoll sergeant hits you from afar with a +2 vorpal spear.
* * * LOW HITPOINT WARNING * * *
Unknown command.
You draw a card...
You have drawn Exile.
The orc is devoured by a tear in reality.
Something hits you.
* * * LOW HITPOINT WARNING * * *
Something hits you but does no damage. The gnoll sergeant barely misses you.
Unknown command.
The walls disappear prematurely!
You hear some strange, mumbled words.
You are confused.
You see here a water moccasin corpse.
You're too confused to move!
Something hits you.
* * * LOW HITPOINT WARNING * * *
Something hits you but does no damage.
The gnoll sergeant hits you from afar with a +2 vorpal spear.
* * * LOW HITPOINT WARNING * * *
x2 The gnoll hits you from afar with a +0 halberd!
You die...
Your body glows with a rainbow of weird colours and disappears.

#..............
#..............
#..............
#..............
.#..............
........g.......
.......gg.g.....
.......{{O......
........@.......
........§.......
........<.......
................
................
................
..............##
...........#...
.........######


You could see an ogre, a gnoll sergeant and 3 gnolls.

Vanquished Creatures
  A centaur zombie (D:6)
  Prince Ribbit (D:5)
  Sigmund (D:3)
  3 yaks (D:5)
  A steam dragon (D:3)
  A water moccasin (D:7)
  A sky beast (D:6)
  A black bear (D:7)
  2 necrophages
  2 ogres (D:6)
  2 centaurs
  2 phantoms
  A bullfrog (D:7)
  A scorpion (D:6)
  A gnoll sergeant (D:5)
  A water moccasin zombie (D:5)
  A howler monkey (D:5)
  3 hounds
  A centaur skeleton (D:4)
  3 jellies (D:5)
  4 iguanas
  2 orc wizards
  A howler monkey zombie (D:5)
  6 gnolls
  4 adders
  A howler monkey skeleton (D:5)
  A shadow imp (D:4)
  An adder skeleton (D:4)
  A worm (D:5)
  3 dart slugs (D:1)
  9 orcs
  4 endoplasms
  2 giant cockroaches
  2 goblins
  4 hobgoblins
  7 jackals
  3 quokkas
  9 ball pythons
  7 bats
  2 frilled lizards (D:1)
  5 kobolds
  2 rats (D:1)
110 creatures vanquished.

Vanquished Creatures (others)
  399 foxfires
399 creatures vanquished.

Grand Total: 509 creatures vanquished

Notes
Turn   | Place    | Note
-------+----------+-------------------------------------------
     0 | D:1      | snetch the Djinni Fire Elementalist began the quest for the
                  | Orb.
     0 | D:1      | Reached XP level 1. HP: 15/15 MP: 0/0
   370 | D:2      | Reached XP level 2. HP: 10/21 MP: 0/0
   765 | D:1      | Reached skill level 3 in Spellcasting
   967 | D:1      | Reached XP level 3. HP: 24/25 MP: 0/0
   967 | D:1      | Learned a level 1 spell: Summon Small Mammal
  1596 | D:2      | Reached XP level 4. HP: 25/31 MP: 0/0
  2205 | D:1      | Found a faded altar of an unknown god.
  2218 | D:1      | Became a worshipper of Nemelex Xobeh the Trickster
  2218 | D:1      | Reached * piety under Nemelex Xobeh
  2218 | D:1      | Received a gift from Nemelex Xobeh
  2541 | D:2      | Found a hide-covered altar of Uskayaw.
  2598 | D:3      | Noticed Sigmund
  2606 | D:3      | Killed Sigmund
  2607 | D:3      | Reached skill level 4 in Spellcasting
  2607 | D:3      | Reached XP level 5. HP: 27/35 MP: 0/0
  2607 | D:3      | Learned a level 2 spell: Slow
  2607 | D:3      | Reached XP level 6. HP: 31/40 MP: 0/0
  3814 | D:3      | Noticed a steam dragon
  3853 | D:3      | Received a gift from Nemelex Xobeh
  3870 | D:3      | Killed a steam dragon
  3871 | D:3      | Reached XP level 7. HP: 44/45 MP: 0/0
  3871 | D:3      | Learned a level 3 spell: Portal Projectile
  3889 | D:4      | Found Hirise Torr's Lightly-Used Armoury.
  4146 | D:4      | Reached skill level 5 in Spellcasting
  4363 | D:4      | Reached ** piety under Nemelex Xobeh
  4385 | D:5      | Entered Level 5 of the Dungeon
  4861 | D:4      | Identified the +10 dagger of Resourcefulness {pain, rCorr
                  | MP+9 Str-2 Stlth+}
  5462 | D:5      | Reached XP level 8. HP: 42/51 MP: 0/0
  5566 | D:5      | Reached skill level 6 in Spellcasting
  5711 | D:5      | Noticed Prince Ribbit
  5725 | D:5      | Reached skill level 1 in Armour
  5725 | D:5      | Killed Prince Ribbit
  6315 | D:6      | Reached skill level 1 in Fighting
  6565 | D:5      | Noticed a yak
  6569 | D:5      | Noticed a yak
  6569 | D:5      | Noticed a yak
  6581 | D:5      | Killed a yak
  6582 | D:5      | Reached XP level 9. HP: 50/57 MP: 0/0
  6582 | D:5      | Learned a level 3 spell: Stone Arrow
  6583 | D:5      | Received a gift from Nemelex Xobeh
  6589 | D:5      | Reached skill level 7 in Spellcasting
  6592 | D:5      | Reached skill level 1 in Shields
  6886 | D:5      | Reached *** piety under Nemelex Xobeh
  7836 | D:6      | Found a staircase to the Ecumenical Temple.
  7873 | D:6      | Reached skill level 8 in Spellcasting
  7936 | D:6      | Received a gift from Nemelex Xobeh
  7945 | D:7      | Reached XP level 10. HP: 45/64 MP: 0/0
  7983 | D:7      | Slain by a gnoll

Illustrated notes

Levels and vault maps discovered:
D:1:      heliophobic_arrival_glass_houses, layout_basic,
          hellmonk_ecumenical_altar_defaced_shrine, columned_hall_lemuel,
          roderic_serpentine_path, minmay_pentomino_w4
D:2:      layout_basic, basic_altar
D:3:      layout_rooms, uniq_sigmund
D:4:      layout_cave_pods, hangedman_abyss_or_decor_stabs, minmay_shop_damaged
D:5:      layout_loops_corners, kennysheep_generic_room_9, uniq_prince_ribbit1
D:6:      layout_cave_pools, temple_doors_e
D:7:      layout_layer_cave, uniq_menkaure, uniq_maggie

Skill      XL: |  1  2  3  4  5  6  7  8  9 |
---------------+----------------------------+-----
Spellcasting   | 3 4 5 6 8 |  8.3
Stealth        | 2 3 4 |  4.4
Dodging        | 3 4 |  4.5
Armour         | 2 4 |  4.8
Fighting       | 1 2 |  2.2
Shields        | 1 |  1.3
Short Blades   | |  0.4

Action                   |  1- 3 |  4- 6 |  7- 9 | 10-12 || total
-------------------------+-------+-------+-------+-------++-------
Melee: Flail             |       |     1 |       |       ||     1
       Dagger            |       |       |    14 |     4 ||    18
       War axe           |       |       |     1 |       ||     1
 Cast: Foxfire           |    60 |    61 |   121 |       ||   242
       Fireball          |       |       |     1 |       ||     1
       Stone Arrow       |       |       |    32 |     8 ||    40
Invok: Draw Destruction  |       |     2 |     5 |     2 ||     9
       Draw Escape       |       |       |       |     2 ||     2
       Draw Summoning    |       |       |       |     1 ||     1
 Stab: Sleeping          |       |       |     1 |       ||     1
Armor: Ring mail         |       |       |    19 |     6 ||    25
       Robe              |       |       |     1 |       ||     1
Dodge: Dodged            |     5 |     1 |    42 |     8 ||    56
Block: Buckler           |       |     1 |     9 |     2 ||    12

Table legend: (Time is in decaauts)
 A = Elapsed time spent in this place.
 B = Non-inter-level travel time spent in this place.
 C = Inter-level travel time spent in this place.
 D = Time resting spent in this place.
 E = Time spent auto-exploring this place.
 F = Levels seen in this place.
 G = Mean time per level.
                   A        B        C        D        E       F      G
               +--------+--------+--------+--------+--------+-----+--------+
         Total |   8001 |   7771 |    230 |    388 |   6167 |   7 | 1143.0 |
       Dungeon |   8001 |   7771 |    230 |    388 |   6167 |   7 | 1143.0 |
               +--------+--------+--------+--------+--------+-----+--------+

Top non-repeatable levels by time:
     D:5: 2376 daAuts
     D:1: 2102 daAuts
     D:2: 1244 daAuts
     D:4: 1088 daAuts
     D:3: 676 daAuts
     D:6: 471 daAuts
     D:7: 43 daAuts
